 Dungeon Crawl Stone Soup version bcrawl-1.37.2 (webtiles) character file.

Game seed: 13049997433966785747

336884 gabibbone the Geomancer (level 10, -2/110 HPs)
             Began as an Ent Earth Elementalist on Oct 20, 2022.
             Was a Follower of Cheibriados.
             Slain by an unseen horror (6 damage)
             ... called by Grum
             ... on level 8 of the Dungeon on Nov 18, 2022.
             The game lasted 00:22:29 (6531 turns).

gabibbone the Geomancer (Ent Earth Elementalist)    Turns: 6531, Time: 00:22:30

Health: -2/110     AC: 17    Str: 20    XL:     10   Next: 3%
Magic:  7/18       EV: 21    Int: 21    God:    Cheibriados [*.....]
Gold:   446        SH:  0    Dex: 18    Spells: 11/20 levels left

rFire    + . .     GDR:     37% a - +0 lajatang
rCold    . . .     SeeInvis .   (no shield)
rNeg     + + +     Gourm    .   (armour unavailable)
rPois    +         Faith    .   (helmet restricted)
rElec    .         Spirit   .   (no cloak)
rCorr    .         Reflect  .   (gloves unavailable)
MR       +....     Clarity  +   (boots unavailable)
Stlth    +.........             f - amulet of magic regeneration
HPRegen  0.28/turn              E - +6 ring of evasion (curse)
MPRegen  0.38/turn              i - ring "Geipoena" {rF+ Stlth--}

@: agile, very slightly contaminated, very slow
A: large, slow actions, passwall, strong branches, negative energy resistance 3,
poison resistance, slow metabolism 1, torment resistance, unbreathing, AC +17
a: Passwall, Bend Time, Renounce Religion


You were on level 8 of the Dungeon.
You worshipped Cheibriados.
Cheibriados was aware of your devotion.
You were hungry.

You visited 2 branches of the dungeon, and saw 9 of its levels.
You also visited: Sewer.

You collected 446 gold pieces.


Innate Abilities, Weirdness & Mutations

You move and act slowly.
You can pass through walls and trees.
Your branches can wield two-handed weapons with a shield.
Your thick bark is tough. (AC +17)
You are too large for most types of armour.
You are immune to negative energy. (rN+++)
Your system is resistant to poisons. (rPois)
You have a slow metabolism.
You are immune to unholy pain and torment.
You can survive without breathing.


   Skills:
 + Level 7.2 Fighting
 + Level 6.5 Staves
 - Level 1.7 Dodging
 - Level 2.4 Stealth
 - Level 1.0 Unarmed Combat
 + Level 5.5 Spellcasting
 - Level 4.0 Conjurations
   Level 1.1 Transmutations
 + Level 10.3 Earth Magic


You had 11 spell levels left.
You knew the following spells:

 Your Spells              Type           Power        Failure   Level  Hunger
l - Lee's Rapid Deconstr  Erth           #####.....   4%          5    ######.
w - Stone Arrow           Conj/Erth      #####.       1%          3    ##.....
z - Sandblast             Erth           #####.       1%          1    None

Your spell library contained the following spells:

 Spells                   Type           Power        Failure   Level  Hunger
 Petrify                  Tmut/Erth      ####......   10%         4    ####...
 Passwall                 Tmut/Erth      Unusable     N/A         2    N/A

Inventory:

Hand Weapons
 a - a +0 lajatang (weapon)
 b - a +0 blowgun
 h - a +2 hand axe of flaming
Missiles
 j - 609 stones (quivered)
 p - 122 large rocks {=f}
 y - a throwing net {=f=f}
 A - 43 curare-tipped needles {=f}
Jewellery
 f - an amulet of magic regeneration (around neck)
 i - the ring "Geipoena" (right hand) {rF+ Stlth--}
   (You found it on level 7 of the Dungeon)

   [ring of attention]

   It protects you from fire.
   It makes you much less stealthy.
 s - a +4 amulet of reflection {unknown}
 E - a cursed +6 ring of evasion (left hand)
Wands
 q - a wand of flame (32)
 u - a wand of disintegration (12)
Scrolls
 c - a scroll of enchant armour
 d - 2 scrolls of magic mapping
 l - a scroll of vulnerability
 n - 3 scrolls of teleportation {@r2}
 o - 4 scrolls of fear
 w - a scroll of immolation
 x - a scroll of remove curse
Potions
 g - 2 potions of might
 r - a potion of agility
 t - a potion of mutation {unknown}
 v - a potion of flight {unknown}
 z - a potion of invisibility {unknown}
 B - a potion of curing {unknown}
Miscellaneous
 k - a sack of spiders (inert)
Comestibles
 e - 11 rations {!d}

Dungeon Overview and Level Annotations

Branches:
Dungeon (8/12)             Temple (1/1) D:5
   Lair: D:7-9          Orc: D:8-11

Altars:
Ashenzari
Cheibriados
Dithmenos
Elyvilon
Fedhas
Gozag
Hepliaklqana
Lugonu
Makhleb
Nemelex Xobeh
Okawaru
Qazlal
Ru
Sif Muna
Trog
Uskayaw
Vehumet
Wu Jian
Xom
Yredelemnul
Zin
The Shining One

Shops:
D:7 [

Annotations:
D:5 2 transporters, SansUndertale's ghost, novice NaAc

.#.........##.#...#.###.
.=.
.'.........'...g........
#..
#.........####...#.###h
#.. #......g## #..## #.#
##.....## #...g #.#
##..>###########. #.#
##+#)......# # #.#
#.#%#####.# #.# #.#@#
#.# ##.#†# #.# ##....#
#.# ######.....# #.#
#.....#....# #
#.###.###.##.#.##.#
#.......#.##.#...#
#####.#..)).....##
#...)†##.###.#


There were no monsters in sight!


Message History

You are feeling hungry.
The bullfrog barely misses you. The bullfrog misses you.
You slice the bullfrog!!
You kill the bullfrog!
Cheibriados appreciates the change of pace.
Something closely misses you. Something hits you but does no damage.
You slash something! Something hits you but does no damage.
You barely miss something. Something misses you.
You slash something! Something barely misses you. Something closely misses you.
Something hits you but does no damage.
Something hits you but does no damage. x3
You see here a wolf corpse.
You butcher the wolf corpse.
Something hits you but does no damage. Something hits you.
* * * LOW HITPOINT WARNING * * *
Things that are here:
2 chunks of flesh; a wolf skeleton You barely miss something.
Something hits you but does no damage. Something completely misses you.
Items here: ! ) [ † a -2 vampiric glaive; a +0 animal skin; a golden potion the gnoll corpse of Grum Something hits you.
* * * LOW HITPOINT WARNING * * *
Something hits you!
* * * LOW HITPOINT WARNING * * *
Things that are here:
2 chunks of flesh; a wolf skeleton Something hits you.
You die...

Skill      XL: |  1  2  3  4  5  6  7  8  9 |
---------------+----------------------------+-----
Spellcasting   | 3 4 5 |  5.5
Earth Magic    | 4 5 6 8 9 10 | 10.3
Fighting       | 1 3 5 7 |  7.2
Conjurations   | 1 3 4 |  4.0
Staves         | 2 4 6 |  6.5
Dodging        | |  1.7
Stealth        | |  2.4
Unarmed Combat | |  1.0
Transmutations | |  1.1

Action                   |  1- 3 |  4- 6 |  7- 9 | 10-12 || total
-------------------------+-------+-------+-------+-------++-------
Melee: Unarmed           |     2 |       |       |       ||     2
       Short sword       |    46 |     1 |       |       ||    47
       Hand axe          |       |    62 |       |       ||    62
       Lajatang          |       |       |   124 |     8 ||   132
 Fire: Blowgun           |       |       |     2 |       ||     2
Throw: Large rock        |     2 |       |     1 |       ||     3
       Stone             |     1 |       |       |       ||     1
 Cast: Sandblast         |    38 |    20 |    29 |       ||    87
       Stone Arrow       |       |    13 |    35 |       ||    48
       Lee's Rapid Decon |       |       |    19 |       ||    19
Invok: Bend Time         |       |       |     1 |       ||     1
Evoke: Sack of spiders   |       |       |     2 |       ||     2
       Wand              |       |       |     3 |       ||     3
  Use: Scroll            |       |     8 |     6 |       ||    14
       Potion            |       |       |     4 |       ||     4
  Eat: Chunk             |     3 |     7 |    18 |       ||    28
       Ration            |       |     1 |     2 |       ||     3
Armor: Skin              |    41 |    49 |   200 |    10 ||   300
Dodge: Dodged            |    48 |    32 |   257 |    17 ||   354

Levels and vault maps discovered:
D:1:      nicolae_arrival_washed_ashore, layout_loops_ring
D:2:      layout_basic, fedhas_altar_2, first_ration,
          chequers_ecumenical_altar_simple_redux
D:3:      layout_basic, nicolae_ru_the_path_less_chosen
D:4:      layout_gridville
D:5:      layout_basic, demons_altar, minmay_temple_entry_wispy,
          cheibrodos_sewer_entry_bend, gammafunk_ghost_mausoleum,
          minmay_checkerbox
D:6:      layout_basic, uniq_eustachio, uniq_prince_ribbit1
D:7:      layout_basic, serial_shops, nicolae_shop_overgrown_old_shop,
          grunt_ogre_cave
D:8:      layout_loops_corners, grunt_lair_entry_orc_guard_hut, uniq_maurice,
          uniq_grum
Temple:   compressed_dpeg_triangle_lava_temple

Notes
Turn   | Place    | Note
-------+----------+-------------------------------------------
     0 | D:1      | gabibbone the Ent Earth Elementalist began the quest for
                  | the Orb.
     0 | D:1      | Reached XP level 1. HP: 18/18 MP: 3/3
   110 | D:1      | Reached XP level 2. HP: 25/26 MP: 1/5
   134 | D:1      | Reached skill level 3 in Spellcasting
   551 | D:1      | Reached skill level 4 in Earth Magic
   832 | D:2      | Reached XP level 3. HP: 31/33 MP: 7/7
   836 | D:2      | Learned a level 3 spell: Stone Arrow
   872 | D:2      | Found a blossoming altar of Fedhas.
  1202 | D:2      | Found a faded altar of an unknown god.
  1351 | D:2      | Noticed an ogre
  1359 | D:2      | Killed an ogre
  1360 | D:2      | Reached skill level 4 in Spellcasting
  1360 | D:2      | Reached skill level 5 in Earth Magic
  1360 | D:2      | Reached XP level 4. HP: 26/42 MP: 2/10
  1697 | D:3      | Reached XP level 5. HP: 49/49 MP: 7/11
  1956 | D:3      | Reached skill level 6 in Earth Magic
  2115 | D:3      | Found a sacrificial altar of Ru.
  2183 | D:3      | Upgraded the game from bcrawl-1.37.1 to bcrawl-1.37.2
  2189 | D:3      | Learned a level 5 spell: Lee's Rapid Deconstruction
  2551 | D:3      | Reached XP level 6. HP: 57/57 MP: 9/12
  2799 | D:4      | Reached skill level 7 in Earth Magic
  2843 | D:4      | Noticed a sky beast
  2968 | D:4      | Killed a sky beast
  3676 | D:5      | Entered Level 5 of the Dungeon
  3713 | D:5      | Noticed an ice beast
  3717 | D:5      | Reached skill level 8 in Earth Magic
  3736 | D:5      | Killed an ice beast
  3737 | D:5      | Reached skill level 1 in Fighting
  3737 | D:5      | Reached skill level 1 in Conjurations
  3737 | D:5      | Reached XP level 7. HP: 67/67 MP: 10/13
  3760 | D:5      | Found a glowing drain.
  3783 | Sewer    | Entered a sewer
  3856 | Sewer    | Noticed Purgy
  3865 | Sewer    | Killed Purgy
  3866 | Sewer    | Reached skill level 2 in Fighting
  3866 | Sewer    | Reached skill level 1 in Staves
  3866 | Sewer    | Reached skill level 2 in Conjurations
  4041 | D:5      | Noticed SansUndertale's ghost (novice NaAc)
  4043 | D:5      | Found a transporter.
  4047 | D:5      | Found a transporter.
  4140 | D:5      | Found a burning altar of Makhleb.
  4221 | D:5      | Reached skill level 3 in Fighting
  4221 | D:5      | Reached skill level 2 in Staves
  4414 | D:5      | Reached skill level 3 in Conjurations
  4414 | D:5      | Reached XP level 8. HP: 72/81 MP: 2/14
  4437 | D:5      | Found a staircase to the Ecumenical Temple.
  4448 | Temple   | Entered the Ecumenical Temple
  4541 | Temple   | Became a worshipper of Cheibriados the Contemplative
  4905 | D:6      | Noticed a two-headed ogre
  4911 | D:6      | Killed a two-headed ogre
  4912 | D:6      | Reached skill level 4 in Fighting
  4912 | D:6      | Reached skill level 4 in Staves
  4912 | D:6      | Reached skill level 4 in Conjurations
  5008 | D:6      | Noticed Prince Ribbit
  5010 | D:6      | Noticed Eustachio
  5014 | D:6      | Killed Prince Ribbit
  5015 | D:6      | Reached skill level 5 in Fighting
  5015 | D:6      | Reached skill level 9 in Earth Magic
  5043 | D:6      | Reached XP level 9. HP: 84/95 MP: 2/15
  5043 | D:6      | Killed Eustachio
  5317 | D:6      | Reached skill level 5 in Staves
  5547 | D:7      | Reached * piety under Cheibriados
  5565 | D:7      | Got a faintly glowing turquoise ring
  5566 | D:7      | Identified the ring "Geipoena" {rF+ Stlth--} (You found it
                  | on level 7 of the Dungeon)
  5625 | D:7      | Reached skill level 6 in Fighting
  6180 | D:7      | Found Zaqoal's Antique Armour Boutique.
  6402 | D:8      | Reached skill level 10 in Earth Magic
  6475 | D:8      | Reached skill level 6 in Staves
  6480 | D:8      | Noticed Grum
  6497 | D:8      | Reached skill level 5 in Spellcasting
  6509 | D:8      | Reached skill level 7 in Fighting
  6515 | D:8      | Killed Grum
  6517 | D:8      | Reached XP level 10. HP: 23/110 MP: 2/18
  6520 | D:8      | HP: 10/110 [something (3)]
  6530 | D:8      | HP: 10/110 [something (3)]
  6530 | D:8      | HP: 3/110 [something (7)]
  6531 | D:8      | Slain by an unseen horror

Vanquished Creatures
  A two-headed ogre (D:6)
  Prince Ribbit (D:6)
  2 hippogriffs
  Eustachio (D:6)
  A steam dragon (D:6)
  A water moccasin (D:6)
  A crocodile (D:8)
  Purgy (Sewer)
  An orc warrior (D:7)
  An ice beast (D:5)
  2 necrophages (D:8)
  4 ogres
  A sky beast (D:4)
  4 wolves (D:8)
  A bullfrog (D:8)
  A kobold brigand (D:8)
  A wyvern skeleton (D:7)
  2 scorpions
  An orc priest (D:3)
  A crimson imp (D:5)
  2 hounds (D:5)
  A quasit (D:5)
  3 iguanas
  A bullfrog skeleton (D:4)
  3 iron imps (D:5)
  An orc wizard (D:7)
  3 worker ants
  A hound skeleton (D:6)
  6 adders
  3 gnolls (D:3)
  A shadow imp (D:5)
  2 oozes (D:5)
  An adder zombie (D:7)
  7 worms
  2 dart slugs
  3 leopard geckos
  10 orcs
  3 giant cockroaches (D:1)
  3 goblins
  7 hobgoblins
  5 jackals
  8 kobolds
  4 quokkas
  3 ball pythons (Sewer)
  10 frilled lizards
  2 jackal zombies
  2 rats
  A plant (D:3)
127 creatures vanquished.

Vanquished Creatures (others)
  Grum (D:8)
1 creature vanquished.

Grand Total: 128 creatures vanquished

Table legend:
 A = Turns spent in this place as a percentage of turns spent in the entire game.
 B = Non-inter-level travel turns spent in this place as a percentage of non-inter-level travel turns spent in the entire game.
 C = Inter-level travel turns spent in this place as a percentage of turns spent in this place.
 D = Turns resting spent in this place as a percentage of non-inter-level travel turns spent in this place.
 E = Turns spent auto-exploring this place as a percentage of non-inter-level travel turns spent in this place.
 F = Non-inter-level travel turns spent in this place divided by the number of levels of this place that you've seen.
                   A       B       C       D       E      F
               +-------+-------+-------+-------+-------+----------------------
         Total | 100.0 | 100.0 |   3.5 |   6.1 |  75.0 | 630.3
       Dungeon |  95.6 |  95.4 |   3.7 |   6.4 |  77.0 | 751.6
        Temple |   1.5 |   1.6 |   0.0 |   0.0 |   0.0 |  99.0
         Sewer |   2.9 |   3.0 |   0.0 |   0.0 |  51.3 | 191.0
               +-------+-------+-------+-------+-------+----------------------

Table legend:
 A = Non-vault XP
 B = Vault XP
 C = Vault XP percentage of total XP
 D = Non-vault monster count
 E = Vault monster count
 F = Vault count percentage of total count
                 A         B        C        D         E       F
            +---------+---------+-------+---------+---------+-------
      Total |    3830 |    1887 |  33.0 |     103 |      24 |  18.9
            +---------+---------+-------+---------+---------+-------
        D:1 |      37 |       0 |   0.0 |      18 |       0 |   0.0
        D:2 |     158 |       0 |   0.0 |      16 |       0 |   0.0
        D:3 |     221 |       0 |   0.0 |      17 |       0 |   0.0
        D:4 |     224 |       0 |   0.0 |       8 |       0 |   0.0
        D:5 |     422 |     273 |  39.3 |      16 |       7 |  30.4
        D:6 |    1329 |     479 |  26.5 |       8 |       2 |  20.0
        D:7 |     731 |     127 |  14.8 |      11 |       1 |   8.3
        D:8 |     708 |     859 |  54.8 |       9 |       6 |  40.0
      Sewer |       0 |     149 | 100.0 |       0 |       8 | 100.0
            +---------+---------+-------+---------+---------+-------
